 Dungeon Crawl Stone Soup version 0.22-a0-369-gc73351f (webtiles) character file.

12833 FrankyJ the Thaumaturge (level 11, -6/54 HPs)
             Began as a Deep Elf Conjurer on Apr 23, 2018.
             Was an Elder of Vehumet.
             Mangled by a wraith (11 damage)
             ... led by Josephine
             ... on level 1 of the Orcish Mines on Apr 24, 2018.
             The game lasted 01:20:28 (19758 turns).

FrankyJ the Thaumaturge (Deep Elf Conjurer)        Turns: 19758, Time: 01:20:29

Health: -6/54      AC:  9    Str: 19    XL:     11   Next: 67%
Magic:  30/30      EV: 15    Int: 23    God:    Vehumet [****..]
Gold:   813        SH:  0    Dex: 17    Spells: 8/37 levels left

rFire    + . .     SeeInvis .   x - +9 staff of Wucad Mu {channel}
rCold    + . .     Gourm    .   (no shield)
rNeg     . . .     Faith    .   P - +2 robe {rC+ rF+}
rPois    .         Spirit   .   e - +2 helmet
rElec    .         Reflect  .   j - +1 cloak of Idieseom {MR+ Dex+4}
rCorr    .         Harm     .   (no gloves)
MR       ++...                  (no boots)
Stlth    ++........             (no amulet)
HPRegen  0.18/turn              F - ring "Suaxtej" {Str+8 Dex-2}
MPRegen  0.22/turn              y - +5 ring of strength

@: hasted and slowed
A: no striking features
a: Renounce Religion


You were on level 1 of the Orcish Mines.
You worshipped Vehumet.
Vehumet was greatly pleased with you.
You were not hungry.

You visited 2 branches of the dungeon, and saw 12 of its levels.
You also visited: Ossuary.

You collected 1056 gold pieces.
You spent 243 gold pieces at shops.

Inventory:

Hand Weapons
 x - the +9 staff of Wucad Mu (weapon) {channel}
   (You found it on level 4 of the Dungeon)
 E - a +0 flail of holy wrath
 K - a +2 dagger of venom
Missiles
 h - 25 poisoned needles
 i - 5 javelins (quivered)
 q - 22 tomahawks
 u - 8 curare-tipped needles
 J - 6 javelins of penetration
Armour
 b - a +1 robe of positive energy
 e - a +2 helmet (worn)
 j - the +1 cloak of Idieseom (worn) {MR+ Dex+4}
   (You acquired it on level 7 of the Dungeon)

   It affects your dexterity (+4).
   It affects your resistance to hostile enchantments.
 O - a +1 cloak
 P - a +2 robe of resistance (worn)
Magical Staves
 w - an uncursed staff of energy
Jewellery
 p - an uncursed ring of see invisible
 y - a +5 ring of strength (right hand)
 F - the ring "Suaxtej" (left hand) {Str+8 Dex-2}
   (You bought it in a shop on level 6 of the Dungeon)

   [ring of dexterity]

   It affects your strength (+8).
   It affects your dexterity (-2).
Wands
 m - a wand of iceblast (9)
 G - a wand of acid (9)
 N - a wand of flame (55)
Scrolls
 k - 2 scrolls of amnesia
 n - 3 scrolls of magic mapping
 r - 4 scrolls of enchant weapon
 D - 4 scrolls of identify
 H - 4 scrolls of remove curse
 I - a scroll of enchant armour
Potions
 d - 8 potions of curing
 o - 2 potions of might
 s - a potion of lignification {unknown}
 t - 3 potions of ambrosia {unknown}
 v - 2 potions of flight
 z - a potion of invisibility {unknown}
 A - 3 potions of cancellation
 B - a potion of mutation {unknown}
 L - 2 potions of brilliance {unknown}
 M - 2 potions of agility {unknown}
Miscellaneous
 C - a lightning rod (4/4)
Comestibles
 c - 17 rations


   Skills:
 - Level 4.0 Staves
 - Level 5.1 Dodging
 - Level 3.0 Stealth
 + Level 13.7 Spellcasting
 - Level 13.0 Conjurations
 - Level 2.0 Fire Magic
 - Level 9.1 Poison Magic


You had 8 spell levels left.
You knew the following spells:

 Your Spells              Type           Power        Failure   Level  Hunger
a - Magic Dart            Conj           ####         0%          1    None
b - Searing Ray           Conj           ######       1%          2    None
c - Fulminant Prism       Conj/Hex       #####.....   1%          4    None
d - Force Lance           Conj/Tloc      #####...     1%          4    None
e - Iskenderun's Mystic   Conj           ######..     1%          4    None
g - Shock                 Conj/Air       ####         1%          1    None
h - Ignite Poison         Fire/Tmut/Pois ####....     1%          3    None
i - Venom Bolt            Conj/Pois      ######....   1%          5    ###....
j - Mephitic Cloud        Conj/Pois/Air  #####...     1%          3    None
k - Poisonous Vapours     Pois/Air       #####.       1%          2    None


Dungeon Overview and Level Annotations

Branches:
Dungeon (10/15)            Temple (0/1) D:7             Orc (2/2) D:10
    Elf (0/3) Orc:2
   Lair: D:8-11

Altars:
Cheibriados
Makhleb
Nemelex Xobeh
Okawaru
Ru
Sif Muna
Trog
Vehumet
Wu Jian
The Shining One
Beogh

Shops:
D:5 !   D:6 =   D:10 =:

Annotations:
D:5 5 runed doors
Orc:2 Saint Roka


Message History

You feel as though you will be slow longer.
Things that are here:
a plate armour; a scimitar
Items here: )) [[ a scale mail; a club; a ring mail; a short sword
Things that are here:
a short sword of distortion; a robe; a dagger
Items here: )) [[ a robe; a dagger; a robe; a dagger
There is a staircase back to the Dungeon, spattered with blood here.
The wraith hits you!
* * * LOW HITPOINT WARNING * * *
The wraith drains your vigour!
You feel as though you will be slow longer.
The wraith hits you!
* * * LOW HITPOINT WARNING * * *
The wraith drains your vigour!
You feel as though you will be slow longer.
The wraith hits you!
You die...

#.....................#
##.#.................##
##.................#.#
###...................
##..##.#...............
#......................
##..#......[...........
###...W[..............
##[@Wo)[[.[>........
##.#.W..[............
#.....[...)..........
##.....[............#
##.......)[...........
#.....................
##.##.##.#...........รท
##.#...........#.###..
#...............##.#..


You could see 3 wraiths and an orc.

Vanquished Creatures
  Josephine (Orc:2)
  Harold (Orc:1)
  A two-headed ogre (D:10)
  2 orc sorcerers (Orc:2)
  2 trolls
  A hippogriff (D:8)
  4 yaks (D:10)
  A wraith (Orc:1)
  4 hogs (D:7)
  A human (D:7)
  A hungry ghost (D:8)
  A steam dragon (D:8)
  A warg (Orc:1)
  A water moccasin (D:9)
  Duvessa (D:5)
  28 orc warriors
  A sky beast (D:8)
  9 ogres
  3 centaurs
  A crocodile (D:8)
  3 bullfrogs
  A wyvern zombie (D:6)
  2 scorpions
  4 water moccasin zombies (Ossuary)
  Dowan (D:5)
  6 killer bees
  6 wights
  4 howler monkeys
  2 jellies
  6 crimson imps
  2 lava snakes (D:8)
  A bullfrog zombie (D:9)
  19 orc priests
  13 orc wizards
  8 hounds
  2 quasits (D:9)
  A bullfrog skeleton (D:6)
  A centaur skeleton (D:9)
  6 iguanas
  A worker ant (D:4)
  4 big kobold zombies (Ossuary)
  A hound skeleton (D:9)
  2 mummies (Ossuary)
  15 adders
  2 shadow imps
  2 adder skeletons
  9 adder zombies
  4 worms
  2 dart slugs (D:1)
  3 leopard geckos
  79 orcs
  4 ball pythons
  5 giant cockroaches
  2 gnoll zombies (Ossuary)
  4 hobgoblins
  13 jackals
  7 quokkas
  16 bats
  A frilled lizard (D:2)
  5 goblins
  2 hobgoblin zombies (Ossuary)
  A jackal skeleton (D:7)
  13 kobolds
  3 kobold zombies (Ossuary)
  A leopard gecko skeleton (D:5)
  2 leopard gecko zombies
  5 orc zombies (Ossuary)
  A quokka skeleton (D:6)
  A quokka zombie (D:6)
  8 rats
371 creatures vanquished.

Vanquished Creatures (others)
  An adder (D:7)
  41 fulminant prisms
42 creatures vanquished.

Grand Total: 413 creatures vanquished

Notes
Turn   | Place    | Note
-------+----------+-------------------------------------------
     0 | D:1      | FrankyJ the Deep Elf Conjurer began the quest for the Orb.
     0 | D:1      | Reached XP level 1. HP: 10/10 MP: 6/6
   290 | D:1      | Reached XP level 2. HP: 15/15 MP: 6/8
   478 | D:1      | Learned a level 2 spell: Searing Ray
   748 | D:1      | You fall through a shaft!
   796 | D:2      | Reached skill level 5 in Conjurations
   796 | D:2      | Reached XP level 3. HP: 19/19 MP: 1/9
  1857 | D:3      | Reached XP level 4. HP: 22/24 MP: 1/10
  2009 | D:3      | Upgraded the game from 0.22-a0-368-g870eee8 to 0.22-a0-369-gc73351f
  3013 | D:4      | Reached XP level 5. HP: 26/28 MP: 7/11
  3098 | D:4      | Found the +9 staff of Wucad Mu {channel}
  3155 | D:4      | Found a sand-covered staircase.
  3160 | Ossuary  | Entered an ossuary
  3800 | Ossuary  | Reached XP level 6. HP: 15/32 MP: 0/12
  3893 | Ossuary  | Learned a level 4 spell: Fulminant Prism
  3898 | Ossuary  | Learned a level 4 spell: Force Lance
  4238 | Ossuary  | Reached skill level 5 in Spellcasting
  4553 | D:4      | Found a sacrificial altar of Ru.
  4553 | D:4      | Found an ornate altar of the Wu Jian Council.
  4603 | D:4      | Found an iron altar of Okawaru.
  4606 | D:4      | Found a glowing golden altar of the Shining One.
  4612 | D:4      | Reached XP level 7. HP: 36/36 MP: 12/17
  4613 | D:4      | Found a snail-covered altar of Cheibriados.
  4613 | D:4      | Found a deep blue altar of Sif Muna.
  4651 | D:4      | Found a bloodstained altar of Trog.
  4889 | D:4      | Found a burning altar of Makhleb.
  4889 | D:4      | Found a radiant altar of Vehumet.
  4900 | D:4      | Became a worshipper of Vehumet
  5011 | D:4      | Learned a level 4 spell: Iskenderun's Mystic Blast
  5040 | D:5      | Entered Level 5 of the Dungeon
  5242 | D:5      | Noticed a gargoyle
  5944 | D:5      | Found Guannat's Distillery.
  5978 | D:5      | Found the +9 staff of Olgreb {rPois}
  5980 | D:5      | Found a runed door.
  5994 | D:5      | Found a runed door.
  5999 | D:5      | Found a runed gate.
  6014 | D:5      | Found a runed gate.
  6014 | D:5      | Found a runed gate.
  6095 | D:5      | Noticed Dowan
  6100 | D:5      | Killed Dowan
  6102 | D:5      | Noticed Duvessa
  6228 | D:5      | Killed Duvessa
  6308 | D:5      | Reached * piety under Vehumet
  6308 | D:5      | Offered knowledge of Sting by Vehumet.
  6311 | D:5      | Learned a level 1 spell: Sting
  6483 | D:6      | Reached XP level 8. HP: 10/41 MP: 14/23
  6915 | D:6      | Reached skill level 10 in Spellcasting
  7442 | D:6      | Found Fiemmea's Jewellery Boutique.
  7450 | D:6      | Bought the cursed ring "Suaxtej" {Str+8 Dex-2} for 243 gold pieces
  8082 | D:7      | Reached skill level 5 in Dodging
  8516 | D:7      | Reached ** piety under Vehumet
  8516 | D:7      | Offered knowledge of Shock by Vehumet.
  8521 | D:7      | Learned a level 1 spell: Shock
  8707 | D:7      | Found a sparkling altar of Nemelex Xobeh.
  8904 | D:7      | Identified a scroll of acquirement
  8905 | D:7      | Got an ancient cloak
  8911 | D:7      | Identified the +1 cloak of Idieseom {MR+ Dex+4} (You acquired it on level 7 of the Dungeon)
  8936 | D:7      | Reached XP level 9. HP: 45/45 MP: 22/26
  9130 | D:7      | Found a staircase to the Ecumenical Temple.
  9788 | D:8      | Reached skill level 10 in Conjurations
 11412 | D:8      | Reached XP level 10. HP: 20/50 MP: 19/27
 12047 | D:8      | Offered knowledge of Throw Frost by Vehumet.
 12453 | D:9      | Reached *** piety under Vehumet
 12577 | D:9      | Offered knowledge of Ignite Poison by Vehumet.
 12735 | D:9      | Learned a level 3 spell: Ignite Poison
 12874 | D:9      | Learned a level 5 spell: Venom Bolt
 12878 | D:9      | Learned a level 3 spell: Mephitic Cloud
 12881 | D:9      | Learned a level 2 spell: Poisonous Vapours
 13010 | D:9      | Identified the Almanac of Excruciating Evil Arts
 13226 | D:10     | Entered Level 10 of the Dungeon
 13233 | D:10     | Found Estrem's Book Shop.
 13279 | D:10     | Reached skill level 1 in Poison Magic
 13640 | D:10     | Found Roelead's Jewellery Boutique.
 14239 | D:10     | Found a staircase to the Orcish Mines.
 14343 | D:10     | Noticed a two-headed ogre
 14371 | D:10     | Reached skill level 5 in Poison Magic
 14481 | D:10     | Killed a two-headed ogre
 15382 | D:10     | Found a roughly hewn altar of Beogh.
 15636 | Orc:1    | Entered Level 1 of the Orcish Mines
 15665 | D:10     | Reached XP level 11. HP: 40/54 MP: 3/28
 15966 | D:10     | Reached **** piety under Vehumet
 16262 | Orc:1    | Offered knowledge of Inner Flame by Vehumet.
 16346 | Orc:1    | Noticed Harold
 16697 | Orc:1    | Killed Harold
 17092 | Orc:1    | Reached skill level 1 in Fire Magic
 17384 | Orc:2    | Entered Level 2 of the Orcish Mines
 17384 | Orc:2    | Noticed Josephine
 17406 | Orc:2    | Noticed a two-headed ogre
 18336 | Orc:2    | Noticed an orc sorcerer
 18341 | Orc:2    | Killed an orc sorcerer
 18885 | Orc:2    | Found a staircase to the Elven Halls.
 18961 | Orc:2    | Noticed an orc sorcerer
 18961 | Orc:2    | Noticed an orc sorcerer
 19125 | Orc:2    | Killed an orc sorcerer
 19422 | Orc:2    | Noticed Saint Roka
 19448 | Orc:2    | Killed Josephine
 19758 | Orc:1    | Mangled by a wraith

Vault maps used:
D:1:      dpeg_arrival_lava_temple_mockup, minmay_vboxes
D:3:      first_ration
D:4:      grunt_temple_overflow_lords_of_destruction, minitemple,
          chequers_temple_overflow_statue_of_worship, enter_ossuary_5
D:5:      serial_shops, shop, minmay_guarded_unrand_staff_of_olgreb,
          uniq_duvessa
D:6:      serial_shops, shop
D:7:      lemuel_temple_firewalk_b, minmay_misc_feat_cross, grunt_livestock,
          kennysheep_flooded_box, grunt_ministairs_4,
          nemelex_lonely_heart_becter
D:8:      kennysheep_generic_room_4
D:10:     minmay_orc_entry_temple_small, serial_shops, kennysheep_little_box,
          shop
Orc:1:    uniq_harold
Orc:2:    pubby_orc_utopia, uniq_josephine, uniq_saint_roka
Ossuary:  ossuary_tomb_2

Skill      XL: |  1  2  3  4  5  6  7  8  9 10 11 |
---------------+----------------------------------+-----
Stealth        | 3 |  3.0
Dodging        | 3 5 |  5.1
Conjurations   | 5 6 7 8 11 13 | 13.0
Spellcasting   | 5 9 11 13 | 13.7
Staves         | 4 |  4.0
Poison Magic   | 7 9 |  9.1
Fire Magic     | 2 |  2.0

Action                   |  1- 3 |  4- 6 |  7- 9 | 10-12 || total
-------------------------+-------+-------+-------+-------++-------
Melee: Short sword       |     5 |       |       |       ||     5
       Dagger            |    20 |     4 |       |       ||    24
       Staff             |       |    34 |    21 |    41 ||    96
 Cast: Magic Dart        |    77 |    38 |    64 |    37 ||   216
       Searing Ray       |     5 |    36 |    89 |    77 ||   207
       Fulminant Prism   |       |       |    31 |    11 ||    42
       Sting             |       |       |     4 |     6 ||    10
       Force Lance       |       |       |     5 |       ||     5
       Poisonous Vapours |       |       |       |    70 ||    70
       Ignite Poison     |       |       |       |    36 ||    36
       Venom Bolt        |       |       |       |    26 ||    26
       Iskenderun's Myst |       |       |       |     2 ||     2
  Use: Scroll            |       |     2 |    15 |     8 ||    25
       Potion            |       |     2 |     1 |     8 ||    11
 Stab: Sleeping          |     2 |     2 |     1 |       ||     5
       Distracted        |       |       |     1 |       ||     1
  Eat: Chunk             |     3 |     4 |    20 |    24 ||    51
       Ration            |       |     1 |     1 |     2 ||     4
Armor: Robe              |    10 |    22 |    13 |    50 ||    95
Dodge: Dodged            |    34 |    73 |    91 |   197 ||   395

Table legend:
 A = Spawn XP
 B = Non-spawn XP
 C = Spawn XP percentage of total XP
 D = Spawn monster count
 E = Non-spawn monster count
 F = Spawn count percentage of total count
 G = Total turns spent on level
                    A         B        C        D         E        F      G
               +---------+---------+-------+---------+---------+-------+---------
         Total |       0 |   18334 |   0.0 |       0 |     369 |   0.0 | 19758
               +---------+---------+-------+---------+---------+-------+---------
           D:1 |       0 |      41 |   0.0 |       0 |      25 |   0.0 |   865
           D:2 |       0 |      38 |   0.0 |       0 |      15 |   0.0 |   861
           D:3 |       0 |      81 |   0.0 |       0 |      34 |   0.0 |  1023
           D:4 |       0 |     291 |   0.0 |       0 |      13 |   0.0 |  1600
           D:5 |       0 |     472 |   0.0 |       0 |      14 |   0.0 |   726
           D:6 |       0 |     802 |   0.0 |       0 |      30 |   0.0 |  1463
           D:7 |       0 |    1760 |   0.0 |       0 |      24 |   0.0 |  2763
           D:8 |       0 |    2083 |   0.0 |       0 |      33 |   0.0 |  1575
           D:9 |       0 |    1437 |   0.0 |       0 |      36 |   0.0 |  1111
          D:10 |       0 |    4032 |   0.0 |       0 |      48 |   0.0 |  3939
         Orc:1 |       0 |    2499 |   0.0 |       0 |      34 |   0.0 |   924
         Orc:2 |       0 |    4315 |   0.0 |       0 |      37 |   0.0 |  1522
       Ossuary |       0 |     483 |   0.0 |       0 |      26 |   0.0 |  1386
               +---------+---------+-------+---------+---------+-------+---------
